 Dungeon Crawl Stone Soup version 0.31-a0-986-g5e6e4ef867 (webtiles) character file.

Game seed: 15499582410448879383

192 grandjackal the Ducker (level 5, -6/41 HPs)
             Began as a Demonspawn Gladiator on Nov 17, 2023.
             Mangled by an ogre
             ... wielding a +0 giant club
              (28 damage)
             ... on level 3 of the Dungeon.
             The game lasted 00:03:20 (2516 turns).

grandjackal the Ducker (Demonspawn Gladiator)       Turns: 2516, Time: 00:03:21

Health: -6/41      AC: 11    Str: 17    XL:     5   Next: 42%
Magic:  5/5        EV: 12    Int:  9    God:
Gold:   151        SH:  0    Dex: 14    Spells: 3/4 levels left

rFire   + . .        a - +0 long sword
rCold   . . .        (no shield)
rNeg    . . .        o - +3 ring mail {rF+}
rPois   .            c - +0 helmet
rElec   .            n - +0 cloak
rCorr   .            (no gloves)
SInv    .            u - +0 pair of boots
Will    .....        (no amulet)
Stlth   +            (no ring)
HPRegen 0.26/turn    (no ring)
MPRegen 0.09/turn

%: no passive effects
@: no status effects
A: demonic magic 1, demonic touch 1
a: no special abilities


You were on level 3 of the Dungeon.
You visited 1 branch of the dungeon, and saw 3 of its levels.

You collected 151 gold pieces.

Inventory:

Hand Weapons
 a - a +0 long sword (weapon)
Missiles
 d - 3 throwing nets
Armour
 c - a +0 helmet (worn)
 k - a +0 leather armour of poison resistance
 n - a +0 cloak (worn)
 o - a +3 ring mail of fire resistance (worn)
 u - a +0 pair of boots (worn)
Jewellery
 m - an amulet of faith
 q - a ring of protection from cold
Scrolls
 b - 2 scrolls of enchant weapon {unknown}
 f - a scroll of identify {unknown}
 g - 2 scrolls of teleportation {unknown}
 h - 2 scrolls of noise {unknown}
 i - 4 scrolls of enchant armour {unknown}
 s - a scroll of immolation {unknown}
Potions
 j - a potion of magic {unknown}
 l - a potion of curing {unknown}
 p - a potion of heal wounds {unknown}
 r - a potion of ambrosia {unknown}
 t - a potion of berserk rage {unknown}
 v - a potion of degeneration {unknown}


   Skills:
 + Level 3.5 Fighting
 + Level 3.8 Long Blades
 - Level 2.1 Throwing
 + Level 3.8 Dodging


You had 3 spell levels left.
You knew the following spells:

 Your Spells              Type           Power      Damage    Failure   Level
a - Sandblast             Erth           0%         2d4       58%         1

Your spell library contained the following spells:

 Spells                   Type           Power      Damage    Failure   Level
 Passwall                 Tmut/Erth      0%         N/A       75%         2
 Stone Arrow              Conj/Erth      0%         3d7       92%         3
 Brom's Barrelling Bould  Conj/Erth      0%         2d3       100%        4


Dungeon Overview and Level Annotations

Branches:
Dungeon (3/15)

Altars:


Innate Abilities, Weirdness & Mutations

Spells you cast may paralyse adjacent enemies.
Your touch may inflict minor irresistible damage on your foes.


Message History

You see here a hobgoblin corpse.
A giant cockroach comes into view.
A giant cockroach is nearby!
The giant cockroach closely misses you.
You barely miss the giant cockroach.
You touch the giant cockroach.
You kill the giant cockroach!
No target in view!
No target in view!
Found a stone staircase leading down.
You see here a giant cockroach corpse.
You see here a giant cockroach corpse.
You open the door.
A rat comes into view.
There is an open door here.
The rat bites you but does no damage.
You slash the rat!
You kill the rat!
No target in view!
No target in view!
There is an open door here.
You see here a +0 eveningstar.
An ogre comes into view. It is wielding a +0 giant club.
An ogre is nearby!
You aren't carrying any items that you can evoke.
Throw: javelin
Press: ? - help, Q - select action, (/) - cycle Shift-Dir - straight line, f - ogre
Aim: an ogre, wielding a +0 giant club (73% to hit)
You throw a javelin.
The javelin pierces through the ogre but does no damage.
You hit the ogre.
The ogre is lightly wounded.
The ogre misses you.
You hit the ogre.
The ogre is lightly wounded.
The ogre hits you with a +0 giant club!!
You hit the ogre but do no damage.
The ogre is lightly wounded.
The ogre hits you with a +0 giant club!!
Ouch! That really hurt!
You die...

##..#.##.....#.......'.........♣
#..##.##...#...#####.'.♣♣♣♣♣♣♣♣.
#..#..........## ##### ♣.
#....#...#.#.#### ♣.
###..##...#.#....# ♣.
........>## ####.# ♣. .......#.#
#.# ♣. .......#.# #.# ♣.
.<.....#.# #@# )........# #O#
###.###.## #.. ..# .# ##.# ###
.# .. ... .(# ..#


You could see an ogre.

Vanquished Creatures
  Jessica (D:2)
  Terence (D:2)
  An orc wizard (D:3)
  4 adders
  3 worms (D:2)
  A dart slug (D:1)
  5 orcs (D:3)
  3 ball pythons
  6 endoplasms
  4 giant cockroaches
  5 goblins
  6 hobgoblins
  3 quokkas (D:2)
  5 bats
  4 frilled lizards
  9 kobolds
  6 rats
67 creatures vanquished.

Notes
Turn   | Place    | Note
-------+----------+-------------------------------------------
     0 | D:1      | grandjackal the Demonspawn Gladiator began the quest for
                  | the Orb.
     0 | D:1      | Reached XP level 1. HP: 16/16 MP: 1/1
   234 | D:1      | Gained mutation: Your touch may inflict minor irresistible
                  | damage on your foes. [demonic ancestry]
   234 | D:1      | Reached XP level 2. HP: 3/22 MP: 2/2
   933 | D:2      | Reached XP level 3. HP: 28/28 MP: 3/3
  1059 | D:2      | Noticed Jessica
  1066 | D:2      | Killed Jessica
  1067 | D:2      | Gained mutation: Spells you cast may paralyse adjacent
                  | enemies. [demonic ancestry]
  1067 | D:2      | Reached XP level 4. HP: 6/35 MP: 4/4
  1263 | D:2      | Learned a level 1 spell: Sandblast
  1389 | D:2      | Noticed Terence
  1407 | D:2      | Killed Terence
  2086 | D:3      | Reached XP level 5. HP: 41/41 MP: 5/5
  2510 | D:3      | Noticed an ogre
  2516 | D:3      | Mangled by an ogre

Illustrated notes

Levels and vault maps discovered:
D:1:      evilmike_arrival_fibonacci_small, layout_loops_corners
D:2:      layout_basic, uniq_jessica, uniq_terence
D:3:      layout_rooms, kennysheep_cross_bottleneck, chequers_arboretum,
          corexii_item_surrounded_by_moat

Skill      XL: |  1  2  3 |
---------------+----------+-----
Throwing       | 2 |  2.1
Dodging        | 3 |  3.8
Long Blades    | 3 |  3.8
Fighting       | 3 |  3.5

Action                     |  1- 3 |  4- 6 || total
---------------------------+-------+-------++-------
  Melee: Long sword        |    86 |    98 ||   184
         Touch             |    12 |    17 ||    29
         Punch             |       |     1 ||     1
  Throw: Throwing net      |       |     1 ||     1
         Javelin           |       |     1 ||     1
 Armour: Leather armour    |    62 |    12 ||    74
         Ring mail         |       |    43 ||    43
  Dodge: Dodged            |    52 |    50 ||   102

Table legend: (Time is in decaauts)
 A = Elapsed time spent in this place.
 B = Non-inter-level travel time spent in this place.
 C = Inter-level travel time spent in this place.
 D = Time resting spent in this place.
 E = Time spent auto-exploring this place.
 F = Levels seen in this place.
 G = Mean time per level.
                   A        B        C        D        E       F      G
               +--------+--------+--------+--------+--------+-----+--------+
         Total |   2559 |   2371 |    188 |    389 |   1438 |   3 |  853.0 |
       Dungeon |   2559 |   2371 |    188 |    389 |   1438 |   3 |  853.0 |
               +--------+--------+--------+--------+--------+-----+--------+

Top non-repeatable levels by time:
     D:2: 1187 daAuts
     D:1: 927 daAuts
     D:3: 444 daAuts
